 Dungeon Crawl Stone Soup version 0.18.1-8-gdd0e5ea (webtiles) character file.

10059 M4edhros the Spear-Bearer (level 11, -3/121 HPs)
             Began as a Formicid Hunter on June 4, 2016.
             Was an Initiate of Gozag.
             Slain by a gargoyle
             ... wielding a +0 morningstar
              (11 damage)
             ... on level 11 of the Dungeon.
             The game lasted 00:29:49 (28506 turns).

M4edhros the Spear-Bearer (Formicid Hunter)        Turns: 28506, Time: 00:29:50

Health: -3/121     AC: 25    Str: 20 (22) XL:     11   Next: 85%
Magic:  15/15      EV:  2    Int: 13      God:    Gozag
Gold:   270        SH:  3    Dex: 12 (14) Spells: 0 memorised, 10 levels left

rFire  . . .     SeeInvis .     I - +0 glaive
rCold  . . .     Gourm    .     (armour currently unavailable)
rNeg   + + +     Faith    .     r - +0 buckler
rPois  +         Spirit   .     (helmet unavailable)
rElec  .         Dismiss  .     (cloak currently unavailable)
rCorr  .         Reflect  .     (gloves currently unavailable)
SustAt .         Harm     .     (boots currently unavailable)
MR     ++...                    (no amulet)
Stlth  +++++++...               (no ring)
                                (no ring)

@: mighty, tree-form, very resistant to hostile enchantments, extremely stealthy
A: permanent stasis, dig shafts and tunnels, four strong arms, (antennae 0),
(fangs 0), rough black scales 2, (camouflage 0), agile 1, clever 1, (cold
resistance 0), deterioration 1, magic resistance 1, screaming 2, (electricity
resistance)
a: Potion Petition, Call Merchant, Bribe Branch, Renounce Religion


You were on level 11 of the Dungeon.
You worshipped Gozag.
Gozag was noncommittal.
You were near starving.
You were a tree.
You visited 2 branches of the dungeon, and saw 14 of its levels.

You collected 1423 gold pieces.
You spent 578 gold pieces at shops.
You paid 575 gold pieces to Gozag.

Inventory:

Hand Weapons
 a - a +1 hand crossbow
 o - a +1 demon trident of electrocution
 H - a +0 scythe
 I - a +0 glaive (weapon)
 M - a +0 trident
Missiles
 i - 378 stones (quivered)
 A - 61 bolts
Armour
 c - a +0 leather armour
 d - a +0 scale mail
 l - a +0 pair of gloves (melded)
 r - a +0 buckler (worn)
 u - a +1 pair of boots (melded)
 v - a +0 cloak (melded)
 B - a +2 robe (melded)
 C - a +0 robe of resistance
Wands
 f - a wand of disintegration (0/24)
 g - a wand of flame (0/48)
 n - a wand of lightning (0/15)
 q - a wand of random effects (0/48)
 E - a wand of confusion (24/48)
 F - a wand of confusion (17/48)
 Q - a wand of flame (24/48)
 T - a wand of polymorph (4/24)
Scrolls
 e - a scroll of random uselessness
 k - 2 scrolls of recharging
 p - 3 scrolls of amnesia
 s - 7 scrolls of remove curse
 t - a scroll of acquirement {unknown}
 w - 5 scrolls of enchant weapon
 x - 2 scrolls of vulnerability
 y - a scroll of enchant armour
 J - 2 scrolls of magic mapping
 N - a scroll of silence
 O - a scroll of noise {unknown}
 R - a scroll of brand weapon {unknown}
 U - a scroll of identify
Potions
 j - 5 potions of brilliance
 m - 3 potions of cure mutation
 K - 2 potions of flight
Books
 b - a book of Annihilations

   Spells                             Type                      Level
   a - Poison Arrow                   Conjuration/Poison           6
   b - Chain Lightning                Conjuration/Air              8
   c - Lehudib's Crystal Spear        Conjuration/Earth            8
   d - Glaciate                       Conjuration/Ice              9
   e - Fire Storm                     Conjuration/Fire             9
 D - a book of Conjurations

   Spells                             Type                      Level
   a - Magic Dart                     Conjuration                  1
   b - Searing Ray                    Conjuration                  2
   c - Dazzling Spray                 Conjuration/Hexes            3
   d - Fulminant Prism                Conjuration/Hexes            4
   e - Iskenderun's Mystic Blast      Conjuration                  4
   f - Iskenderun's Battlesphere      Conjuration/Charms           5
 S - a book of Air

   Spells                             Type                      Level
   a - Shock                          Conjuration/Air              1
   b - Swiftness                      Charms/Air                   2
   c - Repel Missiles                 Charms/Air                   2
   d - Static Discharge               Conjuration/Air              3
   e - Lightning Bolt                 Conjuration/Air              5
Comestibles
 h - 4 fruits
 G - 2 bread rations
 L - 3 beef jerkies


   Skills:
 + Level 5.8 Fighting
 * Level 10.6 Polearms
 - Level 4.0 Crossbows
 + Level 9.1 Dodging
 - Level 9.8 Stealth
 - Level 6.1 Evocations


You had 10 spell levels left.
You didn't know any spells.

Dungeon Overview and Level Annotations

Branches:
Dungeon (13/15)            Temple (1/1) D:5            Lair (0/8) D:9
    Orc (0/2) D:11
 Vaults: D:13-14

Altars:
Ashenzari
Cheibriados
Dithmenos
Elyvilon
Fedhas
Gozag
Kikubaaqudgha
Makhleb
Nemelex Xobeh
Okawaru
Pakellas
Qazlal
Ru
Sif Muna
Trog
Vehumet
Xom
Yredelemnul
Zin
The Shining One
Lugonu

Shops:
D:11 ((

Annotations:
D:8 exclusion: statue
D:12 M4edhros's ghost, journeyman FoHu


Innate Abilities, Weirdness & Mutations

You are under a permanent stasis effect.
You can dig through walls and to a lower floor.
Your four strong arms can wield two-handed weapons with a shield.
((You have a pair of large antennae on your head (SInv).))
((You have very sharp teeth.))
(You are mostly covered in rough black scales (AC +7, Dex -2).)
((Your skin changes colour to match your surroundings (Stealth).))
You are agile. (Dex +2)
Your mind is acute. (Int +2)
((Your flesh is cold resistant.))
Your body sometimes deteriorates upon taking damage.
You are resistant to hostile enchantments.
You sometimes yell uncontrollably at your foes.
((You are resistant to electric shocks.))


Message History

The black bear claws you but does no damage. x2
The gargoyle hits you but does no damage.
Unknown command.
Unknown command.
Unknown command.
Your shield prevents you from hitting the gargoyle.
The gargoyle is almost destroyed.
You are near starving!
You block the black bear's attack.
The black bear claws you but does no damage. x2
The gargoyle hits you but does no damage.
The black bear bites you.
* * * LOW HITPOINT WARNING * * *
The black bear claws you but does no damage. x2
Unknown command.
You barely miss the gargoyle.
The gargoyle is almost destroyed.
The gargoyle hits you with a morningstar!
You die...
Your body crumbles into a pile of gold.

...# ##. ...## ...#
#.......$# ... ...#
#........# . ... .<.#
#......%.#..... ...#
........' ... ...#####
#.##...# #'#
...#....##.##...##..##..
...#.......'............
...#.......#....♣9......
...#.......#....h.......
...#.......##......####'
...#.......##......###...#
...#.......##............#
...'........#............#
...#........#............#
...#.....)..#............#
............# .....#


You could see a black bear and a gargoyle.

Vanquished Creatures
  An unseen horror (D:12)
  A hill giant (D:11)
  An elephant (D:9)
  Maurice (D:11)
  Psyche (D:9)
  2 gargoyles (D:11)
  A kobold demonologist (D:11)
  2 two-headed ogres (D:11)
  Prince Ribbit (D:5)
  Sigmund (D:3)
  A wyvern (D:11)
  A wraith (D:11)
  2 hippogriffs
  A soldier ant (D:13)
  2 water moccasins
  Duvessa (D:7)
  A hell hound (D:5)
  An ice beast (D:8)
  An eye of draining (D:12)
  3 orc warriors
  3 sky beasts
  A swamp drake (D:11)
  2 necrophages (D:11)
  3 phantoms
  6 ogres
  A crocodile (D:12)
  10 centaurs
  A big kobold (D:8)
  4 giant frogs
  Dowan (D:7)
  4 scorpions
  2 killer bees (D:10)
  6 howler monkeys
  4 crimson imps
  4 centaur skeletons
  7 hounds
  2 jellies
  6 orc priests
  A giant frog skeleton (D:5)
  Terence (D:2)
  3 iguanas
  Ijyb (D:3)
  Natasha (thrice) (D:2)
  11 orc wizards
  8 worker ants
  A killer bee zombie (D:11)
  2 sheep (D:9)
  A hound zombie (D:9)
  A hound skeleton (D:5)
  2 worker ant zombies
  11 adders
  4 shadow imps
  3 oozes
  An adder zombie (D:7)
  An adder skeleton (D:4)
  5 worms
  A dart slug (D:2)
  11 giant geckos
  48 orcs
  9 bats
  7 giant cockroaches
  11 goblins
  10 hobgoblins
  4 jackals
  4 quokkas
  A ball python (D:2)
  A giant gecko skeleton (D:4)
  A giant gecko zombie (D:6)
  3 giant newts
  14 kobolds
  A quokka skeleton (D:8)
  2 quokka zombies
  6 rats
287 creatures vanquished.

Vanquished Creatures (collateral kills)
  2 kobolds (D:8)
2 creatures vanquished.

Vanquished Creatures (others)
  An orc wizard (D:4)
  An orc (D:11)
2 creatures vanquished.

Grand Total: 291 creatures vanquished

Notes
Turn   | Place    | Note
--------------------------------------------------------------
     0 | D:1      | M4edhros the Formicid Hunter began the quest for the Orb.
     0 | D:1      | Reached XP level 1. HP: 16/16 MP: 1/1
    85 | D:1      | Reached XP level 2. HP: 22/22 MP: 2/2
   423 | D:1      | Reached XP level 3. HP: 28/28 MP: 3/3
  1107 | D:2      | Found a sacrificial altar of Ru.
  1165 | D:2      | Reached XP level 4. HP: 12/34 MP: 4/4
  1598 | D:2      | Noticed Natasha
  1611 | D:2      | Killed Natasha
  1844 | D:2      | Noticed Natasha
  1853 | D:2      | Killed Natasha
  1853 | D:2      | Reached XP level 5. HP: 32/40 MP: 5/5
  1906 | D:2      | Noticed Terence
  1913 | D:2      | Killed Terence
  1946 | D:2      | Found a snail-covered altar of Cheibriados.
  2700 | D:4      | Reached XP level 6. HP: 47/47 MP: 6/6
  2716 | D:4      | Reached skill level 5 in Stealth
  2793 | D:4      | Noticed a phantom
  2801 | D:4      | Killed a phantom
  2890 | D:4      | Reached XP level 7. HP: 52/52 MP: 7/7
  4100 | D:5      | Entered Level 5 of the Dungeon
  4151 | D:5      | Found a burning altar of Makhleb.
  4181 | D:5      | Noticed a blizzard demon
  4185 | D:5      | Found a glowing silver altar of Zin.
  4185 | D:5      | Noticed an angel
  4203 | D:5      | Noticed Prince Ribbit
  4207 | D:5      | Gained mutation: You have sharp fingernails. [potion of mutation]
  4207 | D:5      | Gained mutation: Armour fits poorly on your strangely shaped body. [potion of mutation]
  4209 | D:5      | Lost mutation: You have sharp fingernails. [potion of cure mutation]
  4209 | D:5      | Lost mutation: Armour fits poorly on your strangely shaped body. [potion of cure mutation]
  4226 | D:5      | You fall through a shaft for 2 floors!
  4518 | D:7      | Found a stormy altar of Qazlal.
  4522 | D:7      | Found a blossoming altar of Fedhas.
  4607 | D:7      | Noticed Duvessa
  4607 | D:7      | Noticed Dowan
  4627 | D:7      | Reached skill level 5 in Dodging
  4627 | D:7      | Reached XP level 8. HP: 46/60 MP: 8/8
  4639 | D:7      | Killed Duvessa
  5188 | D:7      | Killed Dowan
  5207 | D:7      | Found a shattered altar of Ashenzari.
  5296 | D:7      | Found an oddly glowing altar of Pakellas.
  5296 | D:7      | Found a bloodstained altar of Trog.
  5754 | D:5      | Found a staircase to the Ecumenical Temple.
  5787 | Temple   | Entered the Ecumenical Temple
  5824 | Temple   | Became a worshipper of Xom of Chaos
  5952 | Temple   | XOM: harmless Erth miscast
  5963 | Temple   | XOM: give mutations
  5963 | Temple   | Gained mutation: Your flesh is cold resistant. [Xom's mischief]
  5963 | Temple   | Gained mutation: You are clumsy. (Dex -2) [Xom's mischief]
  5963 | Temple   | Gained mutation: Your body sometimes deteriorates upon taking damage. [Xom's mischief]
  6192 | Temple   | XOM: give mutations
  6192 | Temple   | Lost mutation: Your body sometimes deteriorates upon taking damage. [Xom's mischief]
  6192 | Temple   | Gained mutation: You occasionally shout uncontrollably at your foes. [Xom's mischief]
  6192 | Temple   | Gained mutation: You are frail (-10% HP). [Xom's mischief]
  6955 | Temple   | XOM: vitrification
  7089 | Temple   | XOM: god gift: 31 stones
  7394 | Temple   | XOM: scenery: create altars
  7494 | Temple   | XOM is BORED!
  7494 | Temple   | XOM: noise
  7581 | Temple   | XOM: scenery: create altars
  7697 | Temple   | XOM: god gift: 44 gold pieces
  7741 | Temple   | XOM: give mutations
  7741 | Temple   | Gained mutation: You are partially covered in large bone plates (AC +2, SH +2). [Xom's grace]
  7741 | Temple   | Gained mutation: You are resistant to electric shocks. [Xom's grace]
  7741 | Temple   | Gained mutation: Your movements are slightly less encumbered by armour (ER -2). [Xom's grace]
  7752 | Temple   | XOM: harmless Conj miscast
  8024 | Temple   | XOM: colour smoke trail
  8188 | Temple   | XOM: harmless Air miscast
  8252 | Temple   | XOM: harmless Erth miscast
  8948 | Temple   | XOM: stat loss: -1 Int (10/11)
  9243 | Temple   | XOM: noise
  9549 | Temple   | XOM: divination: detect items
  9552 | Temple   | XOM: harmless Ice miscast
  9660 | Temple   | XOM: divination: detect items
 10005 | Temple   | XOM is BORED!
 10005 | Temple   | XOM: mild Tloc miscast
 10251 | Temple   | XOM: harmless Summ miscast
 10440 | Temple   | XOM: medium Erth miscast
 10529 | Temple   | XOM: medium Air miscast
 10560 | Temple   | XOM: mild Fire miscast
 10878 | Temple   | XOM: harmless Pois miscast
 11542 | Temple   | XOM: noise
 11735 | Temple   | XOM: medium Trmt miscast
 11951 | Temple   | XOM: colour smoke trail
 12319 | Temple   | XOM: harmless Air miscast
 13258 | Temple   | XOM is BORED!
 13258 | Temple   | XOM: mild Tloc miscast
 13549 | Temple   | XOM: mild Conj miscast
 13743 | Temple   | XOM: mild Air miscast
 14274 | Temple   | XOM: harmless Erth miscast
 14503 | Temple   | XOM: scenery: create altars
 14810 | Temple   | XOM: noise
 15070 | Temple   | XOM is BORED!
 15070 | Temple   | XOM: severe Fire miscast
 15170 | Temple   | XOM: give mutations
 15170 | Temple   | Lost mutation: You are partially covered in large bone plates (AC +2, SH +2). [Xom's mischief]
 15170 | Temple   | Gained mutation: You have very sharp teeth. [Xom's mischief]
 15170 | Temple   | Gained mutation: Armour fits poorly on your strangely shaped body. [Xom's mischief]
 15170 | Temple   | Lost mutation: You are frail (-10% HP). [Xom's mischief]
 15580 | Temple   | XOM: give mutations
 15580 | Temple   | Lost mutation: You are clumsy. (Dex -2) [Xom's grace]
 15580 | Temple   | Gained mutation: You are somewhat resistant to further mutation. [Xom's grace]
 15580 | Temple   | Gained mutation: Your skin changes colour to match your surroundings (Stealth). [Xom's grace]
 15580 | Temple   | Lost mutation: You are somewhat resistant to further mutation. [Xom's grace]
 15580 | Temple   | Gained mutation: You evolve. [Xom's grace]
 15586 | Temple   | XOM: god gift: ivory wand {god gift}
 16581 | Temple   | XOM: harmless Conj miscast
 16995 | Temple   | XOM: mild Ice miscast
 17269 | Temple   | XOM: colour smoke trail
 17343 | Temple   | XOM: torment (32/61 hp)
 17483 | Temple   | XOM: give mutations
 17483 | Temple   | Lost mutation: Armour fits poorly on your strangely shaped body. [Xom's mischief]
 17483 | Temple   | Lost mutation: Your movements are slightly less encumbered by armour (ER -2). [Xom's mischief]
 17483 | Temple   | Lost mutation: You evolve. [Xom's mischief]
 17483 | Temple   | Gained mutation: You sometimes yell uncontrollably at your foes. [Xom's mischief]
 17601 | Temple   | XOM: give mutations
 17601 | Temple   | Gained mutation: You are partially covered in rough black scales (AC +4, Dex -1). [Xom's grace]
 17601 | Temple   | Gained mutation: Your mind is acute. (Int +2) [Xom's grace]
 17601 | Temple   | Gained mutation: You are resistant to hostile enchantments. [Xom's grace]
 17601 | Temple   | Gained mutation: You are mostly covered in rough black scales (AC +7, Dex -2). [Xom's grace]
 17706 | D:5      | Reached skill level 5 in Fighting
 17822 | D:5      | XOM: harmless Conj miscast
 17905 | D:5      | XOM: enchant monster (bad)
 17908 | D:5      | XOM: polymorph worker ant -> centaur
 17918 | D:5      | XOM: polymorph centaur -> hell hound
 17924 | D:5      | XOM: noise
 17925 | D:5      | Killed Prince Ribbit
 17925 | D:5      | Reached XP level 9. HP: 23/68 MP: 9/9
 17972 | D:5      | XOM: cast spell 'Warp Weapon'
 18308 | D:5      | XOM: vitrification
 19066 | Temple   | XOM: medium Air miscast
 19273 | Temple   | XOM: god gift: 20 stones
 19872 | Temple   | XOM: god gift: great sword {god gift}
 19879 | Temple   | XOM: summons 2 hostile demons
 19958 | D:5      | XOM: silly message
 20166 | D:5      | XOM: vitrification
 20639 | D:6      | XOM: confuse monster(s)
 20879 | D:6      | XOM: vitrification
 21070 | D:6      | XOM: summons friendly iron imp
 21193 | D:6      | XOM: butterfly on damage
 21537 | D:3      | Noticed Ijyb
 21540 | D:3      | Killed Ijyb
 21685 | D:3      | XOM: summons 1 hostile demon
 21746 | D:3      | Noticed Sigmund
 21755 | D:3      | Killed Sigmund
 22089 | D:2      | XOM: divination: detect items
 22214 | D:2      | Noticed Natasha
 22215 | D:2      | Killed Natasha
 22406 | D:2      | XOM: give mutation
 22406 | D:2      | Gained mutation: You are agile. (Dex +2) [Xom's grace]
 22741 | D:6      | XOM: potion effect (might)
 22751 | D:6      | XOM: scenery: 1 doors close
 22756 | D:6      | Reached skill level 1 in Polearms
 22761 | D:6      | XOM: silly message
 23170 | D:7      | Reached skill level 2 in Polearms
 23380 | D:7      | XOM: colour smoke trail
 23498 | D:8      | XOM: mild Fire miscast
 23507 | D:8      | Found a radiant altar of Vehumet.
 23578 | D:8      | Reached skill level 3 in Polearms
 23578 | D:8      | Reached XP level 10. HP: 60/76 MP: 10/10
 23680 | D:8      | XOM: chaos upgrade
 23684 | D:8      | XOM: enchant monster (good)
 23779 | D:8      | XOM: harmless Fire miscast
 23825 | D:8      | Found an opulent altar of Gozag.
 23860 | D:8      | Reached skill level 4 in Polearms
 24170 | D:8      | XOM: give mutation
 24170 | D:8      | Gained mutation: Your body sometimes deteriorates upon taking damage. [Xom's mischief]
 24186 | D:8      | Fell from the grace of Xom
 24186 | D:8      | Became a worshipper of Gozag Ym Sagoz the Greedy
 24967 | D:9      | Noticed Psyche
 24977 | D:9      | Killed Psyche
 24977 | D:9      | Reached skill level 5 in Polearms
 24980 | D:9      | Noticed an elephant
 25142 | D:9      | Found a basalt altar of Yredelemnul.
 25178 | D:9      | Found a glowing golden altar of the Shining One.
 25181 | D:9      | Noticed an angel
 25188 | D:9      | Noticed a profane servitor
 25356 | D:9      | Found a staircase to the Lair.
 25366 | D:9      | Reached skill level 6 in Polearms
 25487 | D:9      | Found a deep blue altar of Sif Muna.
 25536 | D:9      | XOM: noise
 25538 | D:9      | Killed an elephant
 25556 | D:9      | Found an iron altar of Okawaru.
 25997 | D:10     | XOM: noise
 25997 | D:10     | Entered Level 10 of the Dungeon
 26050 | D:10     | Reached skill level 7 in Polearms
 26069 | D:10     | Reached skill level 1 in Evocations
 26473 | D:11     | Found a staircase to the Orcish Mines.
 26685 | D:11     | Reached skill level 8 in Polearms
 26685 | D:11     | Reached XP level 11. HP: 62/81 MP: 11/13
 26842 | D:11     | XOM: severe Ice miscast
 26961 | D:11     | Noticed Maurice
 26968 | D:11     | XOM: repel stairs
 26983 | D:11     | Killed Maurice
 27013 | D:11     | XOM: enchant monster (good)
 27068 | D:11     | Noticed a hill giant
 27084 | D:11     | Killed a hill giant
 27084 | D:11     | Reached skill level 9 in Polearms
 27172 | D:11     | Reached skill level 5 in Evocations
 27378 | D:11     | XOM: medium Hex miscast
 27565 | D:11     | Reached skill level 10 in Polearms
 27672 | D:11     | Bought a +1 demon trident of electrocution for 578 gold pieces
 27779 | D:11     | Found Tuevufu's Antique Weapon Shop.
 27807 | D:11     | You fall through a shaft for 2 floors!
 27831 | D:13     | Noticed a cyclops
 27859 | D:12     | XOM: noise
 27859 | D:12     | Noticed an unseen horror
 27882 | D:12     | HP: 4/81 [poisoned by a soldier ant]
 27884 | D:12     | Killed an unseen horror
 28032 | D:12     | XOM: medium Conj miscast
 28096 | D:12     | XOM: mild Trmt miscast
 28119 | D:12     | Noticed M4edhros's ghost (journeyman FoHu)
 28321 | D:11     | XOM: mild Ice miscast
 28506 | D:11     | Slain by a gargoyle

Skill      XL: |  1  2  3  4  5  6  7  8  9 10 11 |
---------------+----------------------------------+-----
Dodging        | 2 3 4 5 6 8 9 |  9.1
Stealth        | 2 3 4 5 7 8 9 |  9.8
Fighting       | 3 4 5 |  5.8
Polearms       | 3 8 10 | 10.6
Evocations     | 2 6 |  6.1
Crossbows      | |  4.0

Action                   |  1- 3 |  4- 6 |  7- 9 | 10-12 || total
-------------------------+-------+-------+-------+-------++-------
Melee: Short sword       |     8 |    59 |   219 |       ||   286
       Bite              |       |       |    22 |    95 ||   117
       Glaive            |       |       |    76 |   281 ||   357
       Great sword       |       |       |    43 |       ||    43
       Trident           |       |       |       |   317 ||   317
       Demon trident     |       |       |       |    93 ||    93
 Fire: Hand crossbow     |    72 |    84 |   214 |     4 ||   374
Invok: Potion Petition   |       |       |       |     1 ||     1
       Call Merchant     |       |       |       |     1 ||     1
 Abil: Shaft Self        |       |       |     1 |     1 ||     2
       Dig               |       |       |     2 |     2 ||     4
Evoke: Wand              |       |       |    42 |    15 ||    57
  Use: Potion            |       |       |    12 |     3 ||    15
       Scroll            |       |       |     8 |    10 ||    18
 Stab: Sleeping          |       |       |     5 |     6 ||    11
       Confused          |       |       |     2 |    10 ||    12
       Distracted        |       |       |     1 |     3 ||     4
       Invisible         |       |       |     1 |       ||     1
       Petrified         |       |       |       |     3 ||     3
  Eat: Chunk             |       |     5 |    24 |     2 ||    31
       Bread ration      |       |       |     4 |       ||     4
       Meat ration       |       |       |     4 |     2 ||     6
       Beef jerky        |       |       |     1 |     1 ||     2
       Pizza             |       |       |     1 |     1 ||     2
       Fruit             |       |       |     1 |       ||     1
       Royal jelly       |       |       |       |     1 ||     1
Armor: Leather armour    |     5 |    34 |     6 |       ||    45
       Robe              |       |       |    23 |   180 ||   203
       Scale mail        |       |       |   226 |    35 ||   261
       Skin              |       |       |       |    17 ||    17
Dodge: Dodged            |    15 |    58 |   387 |   415 ||   875
Block: Buckler           |       |     1 |    72 |    92 ||   165
